[Event "SixDays Budapest January-GM 2023"]
[Site "Budapest"]
[Date "2023.01.25"]
[Round "5.1"]
[White "Hacker, Jonas"]
[Black "Pajeken, Jakob Leon"]
[Result "1/2-1/2"]
[ECO "C54"]
[WhiteElo "2446"]
[BlackElo "2449"]
[Annotator "TA"]
[PlyCount "196"]
[EventDate "2023.01.23"]
[EventType "tourn"]
[EventCountry "HUN"]
[SourceTitle "playchess.com"]
[Source "ChessBase"]
[SourceQuality "1"]
[TimeControl "5400+30"]

1. e4 e5 2. Nf3 Nc6 3. Bc4 Bc5 4. c3 Nf6 5. d4 exd4 6. e5 d5 7. Bb5 Ne4 8. cxd4 Bb6 9. Nc3 O-O 10. Be3 {[%emt 0:00:19] C54: Giuoco Piano: 4 c3 Nf6, main lines with 5 d4 and 5 d3.} Bg4 11. h3 Bh5 12. Qc2 {[%emt 0:00:45] The position is equal.} f5 {[%emt 0:01:36] [#]} (12... Nxc3 $11 13. bxc3 f6 14. Bxc6 Bxf3 15. gxf3 bxc6) 13. Nxd5 $1 Ba5+ $1 $11 (13... Qxd5 $2 14. Bc4 Bf7 15. Bxd5 $18) 14. Kf1 (14. Nc3 Nxc3 15. bxc3 Bxf3 16. gxf3 Nxd4 $17) 14... Bxf3 (14... Qxd5 $2 15. Bc4 Bf7 16. Bxd5 $18) 15. gxf3 (15. Bxc6 $11 {keeps the balance.} Nxf2 16. Kxf2 (16. Bxb7 Nxh1 17. gxf3 Rb8 $14) 16... Bxd5 17. Bxd5+ Qxd5 18. Qb3) 15... Nxd4 $17 {[%emt 0:00:04] [#]} (15... Qxd5 $2 16. Bc4 $18 (16. fxe4 $2 Qxb5+ 17. Qe2 Qxe2+ 18. Kxe2 f4 $19) (16. fxe4 $2 Qxb5+ 17. Qe2 Qxe2+ 18. Kxe2 f4 $19)) 16. Qc4 $146 (16. Bxd4 $2 Nd2+ 17. Ke2 (17. Ke1 $2 Nxf3+ 18. Kf1 Qxd5 $19) 17... Qxd5 $19) (16. Qd3 $142 Nxf3 17. e6) ({Predecessor:} 16. Bxd4 Nd2+ 17. Qxd2 Bxd2 18. Bc4 Kh8 19. e6 Re8 20. Rd1 Bh6 21. Ne3 Bxe3 22. fxe3 Qh4 23. Ke2 c5 {0-1 Nguyen,T (2577)-Lazavik,D (2440) Juniors Speed Qual Europe blitz 2021 (1.4)}) 16... Nxf3 {[%emt 0:05:59] Excellent horsemanship.} 17. Nf6+ (17. Nxc7+ Rf7 18. Ne6 Qh4 $19) (17. Rd1 $17 Kh8 18. e6) 17... Kh8 $19 18. Nxe4 fxe4 19. Qxe4 Nd2+ 20. Bxd2 Qxd2 21. Rh2 {[%emt 0:05:08] White is weak on the dark squares} Bb6 (21... Qxb2 $2 {too greedy.} 22. Rb1 Qxa2 23. Bd3) 22. Qe2 Qf4 23. Rg2 Qh4 24. Bd7 Rf4 $1 {[%emt 0:05:38] White must now prevent ...Raf8.} 25. Kg1 Raf8 26. Rf1 Re4 $1 27. Qd3 (27. Qc2) 27... Rxe5 $2 (27... Rd4 28. Qa3 Rdf4) 28. Bg4 {[%emt 0:00:44] [#]} Re1 $3 {[%emt 0:05:31][%mdl 576] Decoy} 29. Rxe1 Bxf2+ 30. Kh1 {[%emt 0:01:18] Rf1 would be deadly.} Bxe1 31. Re2 Bb4 {[%emt 0:02:22] Repels Qa3} ({Don't go for} 31... Rf1+ $2 32. Kg2 Rf8 33. Qe3) 32. Qb5 Bd6 33. Re8 Qf2 34. Rxf8+ Qxf8 $17 {[%emt 0:01:05][%mdl 4096] Endgame KQB-KQB} 35. Kg2 b6 36. Qf5 Qxf5 37. Bxf5 {[%emt 0:00:01] KB-KB} g6 38. Bc8 Kg7 39. Kf3 Kf6 40. Ke4 a5 41. a4 Bh2 42. b3 Kg5 43. Be6 Kf6 44. Bc8 Kg5 45. Be6 $1 Bg1 46. Bd7 Bf2 47. Be6 Be1 48. Bd7 Bd2 49. Be6 Kf6 50. Bc8 h5 51. Bd7 Ke7 52. Bb5 Ke6 53. Be8 Kf6 (53... Be1 $15) 54. Bd7 $1 g5 55. Be8 {[%emt 0:04:47] [#]} h4 $1 56. Bd7 Ke7 57. Bg4 Kd6 58. Kd4 Bb4 59. Bf5 Bc5+ 60. Kd3 Kd5 61. Bg4 Bg1 62. Kc3 Kc5 63. Bd7 Bd4+ 64. Kc2 Kb4 65. Be6 Bf6 66. Bd7 Bg7 67. Bg4 c6 68. Be2 (68. Bd7 $17 {keeps fighting.}) 68... Bf6 69. Bf3 (69. Bg4 $17) 69... Kc5 (69... c5 $19 70. Be2 Bg7) 70. Kd3 Bd8 71. Bg2 Be7 72. Bf3 Bf6 73. Bg2 Bh8 74. Bf3 Bg7 75. Bg2 b5 76. axb5 (76. Bf3 $142) 76... Kxb5 77. Bf3 Bf6 78. Bg4 Kc5 79. Kc2 Kb4 80. Bd7 c5 81. Be6 Bd4 82. Bd7 Bf6 83. Be6 Be5 84. Bd7 Bd4 85. Be6 Bh8 86. Bd7 Ba1 87. Be6 Be5 88. Bd7 $1 Ka3 89. Be6 Bd4 (89... Bg7 $17 90. Bg4 Kb4) 90. Bd7 (90. Kd3 $15) 90... Be3 ({Black should play} 90... Bg7 $17 91. Be6 Kb4) 91. Be6 {[%emt 0:00:09] [#]} (91. Kc3 $15) 91... Bg1 (91... Kb4 $1 $17 92. Kd3 Bc1) 92. Bd7 (92. Kc3 $15) 92... Kb4 93. Be6 Bd4 94. Bd7 $1 c4 95. bxc4 a4 {[%emt 0:00:00] ...a3 is the strong threat.} 96. c5 a3 (96... Bxc5 $17 97. Be6 Bd6) 97. Kb1 (97. c6 $15 Be5 98. Kb1) 97... Kb3 (97... Kxc5 $17 98. Ka2 Kb4) 98. Be6+ $15 Kc3 {[%emt 0:00:00] Weighted Error Value: White=0.16 (very precise) /Black=0.16 (very precise)} 1/2-1/2

[Event "SixDays Budapest January-GM 2023"]
[Site "Budapest"]
[Date "2023.01.25"]
[Round "5.2"]
[White "Ghazarian, Kirk"]
[Black "Nagy, Gabor"]
[Result "1/2-1/2"]
[ECO "A40"]
[WhiteElo "2466"]
[BlackElo "2499"]
[Annotator "TA"]
[PlyCount "51"]
[EventDate "2023.01.23"]
[EventType "tourn"]
[EventCountry "HUN"]
[SourceTitle "playchess.com"]
[Source "ChessBase"]
[SourceQuality "1"]
[TimeControl "5400+30"]

1. d4 Nf6 2. c4 e6 3. g3 Bb4+ 4. Nd2 d5 5. Bg2 O-O 6. Ngf3 b6 7. O-O Bb7 8. Ne5 a5 {[%emt 0:00:38] is the new trend. E16: Queen's Indian: 4 g3 Bb7 5 Bg2 Bb4+.} 9. Qc2 Bd6 (9... c5 $5 ) 10. cxd5 exd5 11. Ndc4 {[%emt 0:00:31] [#]} Ne4 $146 ({Predecessor:} 11... Qc8 12. Ne3 Re8 13. Nf5 Nbd7 14. Bh3 Qd8 15. Nc6 Bxc6 16. Qxc6 Rxe2 17. Ne3 Bb4 {1-0 Petrov,N (2571)-Maltsevskaya,A (2327) Cheliabinsk Variant Gp-A 2021 (2)}) 12. Nxd6 cxd6 13. Nd3 Re8 14. Be3 Nc6 15. Rac1 Ne7 16. Qc7 Ba6 17. g4 (17. Qxd8 {simplifies} Raxd8 18. Rc7 h6 19. Rfc1) 17... h5 18. gxh5 {[%emt 0:05:37] White is more active.} Nf5 {[%emt 0:02:01] [#]} 19. Qxd8 $1 Raxd8 20. Rc6 ({Better is} 20. Nf4 $16) 20... Nd2 $14 {[%emt 0:05:37][%mdl 64] Deflection} 21. Rd1 (21. Bxd2 $5 Nxd4 22. Nb4 (22. Rxb6 Nxe2+ 23. Kh1 Bxd3 $14) 22... axb4 23. Rxb6 Bxe2 24. Re1 $14) 21... Nc4 {[%emt 0:01:12] The position is equal.} 22. Bg5 (22. Bxd5 $2 {loses.} Ncxe3 23. fxe3 Nxe3 24. Rxb6 Nxd1 $19) (22. Nf4 $5 Bb5 23. Rc7 Nfxe3 24. fxe3 Nxe3 25. Rd2 $11) 22... Nxd4 23. Rc7 Nxe2+ 24. Kh1 Rc8 25. Ra7 Bb5 26. Bxd5 {[%emt 0:03:53] Weighted Error Value: White=0.08 (flawless) /Black=0.12 (very precise)} 1/2-1/2

[Event "SixDays Budapest January-GM 2023"]
[Site "Budapest"]
[Date "2023.01.25"]
[Round "5.3"]
[White "Kozak, Adam"]
[Black "Chen, Qi b"]
[Result "1/2-1/2"]
[ECO "D85"]
[WhiteElo "2558"]
[BlackElo "2484"]
[Annotator "TA"]
[PlyCount "86"]
[EventDate "2023.01.23"]
[EventType "tourn"]
[EventCountry "HUN"]
[SourceTitle "playchess.com"]
[Source "ChessBase"]
[SourceQuality "1"]
[TimeControl "5400+30"]

1. d4 Nf6 2. c4 g6 3. Nc3 d5 4. cxd5 Nxd5 5. g3 Bg7 6. Bg2 Nxc3 7. bxc3 c5 8. Nf3 Nc6 9. e3 {[%emt 0:13:34] The old main line.} O-O 10. O-O Qc7 11. Ba3 {[%emt 0:04:56] D75: Fianchetto Grünfeld: Main Line with 7...c5.} b6 12. dxc5 Ba6 {[%emt 0:14:57] [#]} 13. Nd4 $1 {[%emt 0:01:35] White has an edge.} Bxf1 14. Qxf1 {[%emt 0:02:30] [#]} Ne5 $146 ({Predecessor:} 14... Nxd4 15. cxd4 Rad8 16. c6 Rfe8 17. Rd1 e6 18. Qa6 Bf8 19. Rd3 e5 20. d5 e4 {½-½ Fernandez Cazorla,A (2218)-Subirats Ruiz,S (2184) Catalunya-chT 2014 (1.1)}) 15. Bxa8 ({White should try} 15. Nb5 $16 Qd7 16. Rd1) 15... Rxa8 $14 16. cxb6 axb6 17. Bb4 e6 18. a3 h5 19. Rd1 Bf8 20. Qg2 Rd8 21. Qe4 Bg7 22. Rf1 Rd5 23. Nf3 Nc4 24. h4 Bf6 25. Re1 Kg7 26. Kg2 Nb2 27. Re2 Nc4 28. Re1 Nb2 29. Re2 Nc4 30. Qc2 Qc6 {[%emt 0:01:02] The position is equal.} 31. e4 Rd7 32. Re1 e5 33. Qe2 b5 34. Rc1 Be7 35. Re1 f6 36. Ra1 Ra7 37. Rd1 Nxa3 38. Rd5 Nc4 39. Qd3 Rb7 40. Kg1 Nb2 41. Qd2 Nc4 42. Qd3 Nb2 43. Qd2 Nc4 {[%emt 0:00:02] Weighted Error Value: White=0.09 (flawless) /Black=0.07 (flawless)} 1/2-1/2

[Event "SixDays Budapest January-GM 2023"]
[Site "Budapest"]
[Date "2023.01.25"]
[Round "5.4"]
[White "Lucas, Arthur"]
[Black "Berczes, David"]
[Result "1/2-1/2"]
[ECO "C55"]
[WhiteElo "2412"]
[BlackElo "2436"]
[Annotator "TA"]
[PlyCount "52"]
[EventDate "2023.01.23"]
[EventType "tourn"]
[EventCountry "HUN"]
[SourceTitle "playchess.com"]
[Source "ChessBase"]
[SourceQuality "1"]
[TimeControl "5400+30"]

1. e4 e5 2. Nf3 Nc6 3. Bc4 Nf6 4. d4 exd4 5. e5 Ne4 6. Qe2 Nc5 (6... Bb4+ 7. Kf1 $16) 7. O-O {[%emt 0:00:51][%mdl 1024] White has compensation. C56: Two Knights: 4 d4 exd4 5 0-0 Nxe4.} Ne6 $1 {[%emt 0:00:40][%mdl 4] now scores much better than the old 7...Be7.} 8. Rd1 d5 9. Bb5 {[%emt 0:09:41][%cal Oc2c3] The position is equal.} Bc5 10. c3 O-O 11. Bxc6 {[%emt 0:00:47][%cal Rc3d4] [#]} d3 $146 ({Predecessor:} 11... bxc6 12. Nxd4 f6 13. Be3 Bxd4 14. cxd4 fxe5 15. dxe5 c5 16. f3 d4 17. Bf2 Nf4 {0-1 Yip,C (2418)-Khanin,S (2517) Philadelphia int op 15th 2022 (3)}) 12. Qxd3 bxc6 13. Be3 (13. Nd4 {with more complications.} Qh4 14. Be3 Nf4 15. Bxf4 Qxf4 16. b4) 13... Bb6 14. Nbd2 f6 (14... c5 $15) 15. Re1 $11 f5 16. Bxb6 (16. b4 $11) 16... axb6 $15 17. Nd4 c5 18. Nxe6 (18. Nxf5 $2 {is the wrong capture.} Nf4 $19) 18... Bxe6 19. f4 Qh4 20. Rf1 Qe7 21. a3 Rfd8 22. Nf3 h6 23. Rad1 Ra4 {[%emt 0:01:10] Black is slightly better.} 24. g3 Qd7 25. Qc2 Raa8 (25... d4 $5 ) 26. Rd2 Qf7 {[%emt 0:00:26] Weighted Error Value: White=0.12 (very precise) /Black=0.08 (flawless)} 1/2-1/2

[Event "SixDays Budapest January-GM 2023"]
[Site "Budapest"]
[Date "2023.01.25"]
[Round "5.5"]
[White "Can, Isik"]
[Black "Olsen, Filip Boe"]
[Result "1/2-1/2"]
[ECO "B15"]
[WhiteElo "2488"]
[BlackElo "2428"]
[Annotator "TA"]
[PlyCount "80"]
[EventDate "2023.01.23"]
[EventType "tourn"]
[EventCountry "HUN"]
[SourceTitle "playchess.com"]
[Source "ChessBase"]
[SourceQuality "1"]
[TimeControl "5400+30"]

1. e4 c6 2. d4 d5 3. Nd2 dxe4 4. Nxe4 Nf6 5. Nxf6+ exf6 6. c3 Bd6 7. Bd3 O-O 8. Qc2 {[%emt 0:00:03] Active counter play!} Re8+ {[%emt 0:00:15] B15: Caro-Kann: 3 Nc3: 3...g6 and 3...dxe4 4 Nxe4 Nf6 5 Nxf6+ exf6.} 9. Ne2 h5 10. O-O h4 {[%emt 0:00:18] White is slightly better.} 11. h3 Nd7 12. Be3 Nf8 13. Rad1 Be6 14. c4 Rc8 {[%emt 0:00:29] [#]} 15. Bc1 $146 ({Predecessor:} 15. Rfe1 Bb8 16. b3 g6 17. Kf1 Kg7 18. Ng1 Qd7 19. Be4 Nh7 20. Qd2 Rcd8 21. d5 cxd5 22. Bxd5 Bxd5 23. Qxd5 Qxd5 24. Rxd5 Rxd5 25. cxd5 Rd8 {½-½ Solak,D (2594)-Grandelius,N (2651) Online Olym Div2 D rapid 2020 (7.1)}) 15... g6 16. f4 ({White should try} 16. Be3 $14) 16... f5 $1 $11 17. Nc3 Be7 18. Qf2 Bf6 19. Be3 a6 {[%emt 0:12:54] [#]} (19... Qd6 $11) 20. d5 $1 $16 cxd5 21. cxd5 Bd7 22. Bb6 $1 Qe7 {[%emt 0:00:33] [#]} 23. d6 $1 Qe6 24. Rfe1 Qxd6 25. Rxe8 (25. Be2 $1 $16 Qb8 26. Nd5) 25... Rxe8 $11 {[%emt 0:00:59] [#]} (25... Bxe8 $2 26. Bxf5 $18) 26. Bxf5 $1 {[%emt 0:02:01][%mdl 64] Discovered Attack} Qc6 $132 {[%emt 0:01:04][%mdl 2048] Black is not keeping still} 27. Bxd7 Nxd7 28. Bd4 b5 {[%emt 0:10:52] aiming for ...b4.} 29. a3 a5 30. Bxf6 Nxf6 31. Qd4 Ne4 32. Nd5 Re6 33. Re1 $2 {[%emt 0:04:43][%mdl 8192] [#]} (33. b4 $11) 33... Ng3 $1 $19 34. Ne3 Nf5 $2 ({Better is} 34... Qc7 $19 {And now ...Re4 would win.} 35. Qd1 Qb6) 35. Nxf5 $1 $11 Rxe1+ 36. Kf2 {[%emt 0:00:01][%csl Gf5][%cal Rd4g7] The board is on fire.} gxf5 37. Kxe1 Qxg2 {[%emt 0:00:28] Hoping for ...Qh1+. KQ-KQ} 38. Qd8+ Kg7 {[%emt 0:00:12] Strongly threatening ...Qe4+.} 39. Qxh4 {[%emt 0:00:20] [#]} (39. Qd4+ $15 f6 40. Qa7+ Kh6 41. Qb8 Qe4+ 42. Kd2) 39... Qxb2 (39... f6 $1 $17 40. Qf2 Qxh3) 40. Qg5+ Kf8 {[%emt 0:00:35] Weighted Error Value: White=0.23 (precise) /Black=0.25 (precise)} 1/2-1/2

[Event "SixDays Budapest January-GM 2023"]
[Site "Budapest"]
[Date "2023.01.26"]
[Round "6.1"]
[White "Pajeken, Jakob Leon"]
[Black "Olsen, Filip Boe"]
[Result "1-0"]
[ECO "B12"]
[WhiteElo "2449"]
[BlackElo "2428"]
[Annotator "TA"]
[PlyCount "81"]
[EventDate "2023.01.23"]
[EventType "tourn"]
[EventCountry "HUN"]
[SourceTitle "playchess.com"]
[Source "ChessBase"]
[SourceQuality "1"]
[TimeControl "5400+30"]

1. e4 c6 2. d4 d5 3. e5 c5 4. Nf3 cxd4 5. Qxd4 Nc6 6. Qf4 {[%emt 0:00:04] B12: Caro-Kann: Advance Variation.} e6 7. Bd3 (7. Ng5 f6 8. Nf3 (8. exf6 $2 gxf6 9. Nxe6 Bxe6 $19) 8... fxe5 9. Nxe5 Nf6 $15) 7... Nb4 8. Bd2 {[%emt 0:00:05] The position is equal.} Nxd3+ 9. cxd3 {[%emt 0:00:55] [#]} h6 $146 ({Predecessor:} 9... Nh6 10. O-O Be7 11. Bb4 O-O 12. Bxe7 Qxe7 13. Nc3 Bd7 14. a3 Nf5 15. Rac1 Rac8 {1-0 Handke,F (2526)-Zelcic,R (2495) Bundesliga 2223 2022 (1.7)}) 10. h4 Bd7 11. h5 Qb6 12. Nc3 Qa6 13. Ke2 Ne7 14. a4 g5 15. hxg6 Nxg6 16. Qd4 Qb6 {[%emt 0:12:20] Prevents Nb5} 17. Qxb6 axb6 18. Be3 h5 19. Nb5 {[%emt 0:02:31] White is more active.} (19. Bxb6 Nf4+ 20. Kd2 Nxg2 $11) 19... Bxb5 20. axb5 Rxa1 21. Rxa1 Kd7 22. Bxb6 {[%emt 0:01:33] Strongly threatening Ra7.} Nf4+ 23. Kf1 {[%emt 0:00:25] aiming for Ra7.} Be7 24. Ne1 h4 25. Ra7 Rb8 {[%emt 0:00:02] [#]} (25... h3 $16 {keeps fighting.} 26. Kg1 (26. Rxb7+ Kc8 $11) 26... hxg2 27. Nxg2 (27. Rxb7+ Kc8 $17) 27... Ne2+ 28. Kf1 Nc1) 26. d4 $1 $18 f6 27. g3 hxg3 28. fxg3 Ng6 29. exf6 Bxf6 30. Nd3 Ne7 $2 {[%emt 0:04:39] Loses the game.} (30... e5 $16 {was necessary.} 31. Nc5+ Kc8) 31. Nc5+ {[%emt 0:00:57][%mdl 64] [#] Deflection} Kc8 32. Nxe6 Kd7 33. Nc5+ Kc8 34. Ra1 {[%emt 0:03:36] Re1 would be deadly.} Bxd4 35. Re1 Bxc5 36. Bxc5 {[%emt 0:00:09] KRB-KRN} Nf5 37. Ba7 {[%emt 0:00:12] Black must now prevent Rc1+.} Nd6 38. Rc1+ {[%emt 0:00:37] White mates.} Nc4 39. Bxb8 Kxb8 40. Ke2 Nd6 41. b6 {[%emt 0:00:35] Weighted Error Value: White=0.02 (flawless) /Black=0.42} 1-0

[Event "SixDays Budapest January-GM 2023"]
[Site "Budapest"]
[Date "2023.01.26"]
[Round "6.2"]
[White "Berczes, David"]
[Black "Can, Isik"]
[Result "0-1"]
[ECO "A06"]
[WhiteElo "2436"]
[BlackElo "2488"]
[Annotator "TA"]
[PlyCount "70"]
[EventDate "2023.01.23"]
[EventType "tourn"]
[EventCountry "HUN"]
[SourceTitle "playchess.com"]
[Source "ChessBase"]
[SourceQuality "1"]
[TimeControl "5400+30"]

1. Nf3 d5 2. g3 Nf6 3. Bg2 Bf5 4. O-O c6 5. d3 h6 6. c4 dxc4 {[%emt 0:00:08] A07: Réti Opening: New York and Capablanca Systems.} 7. Ne5 Qc8 8. Nxc4 Bh3 {[%emt 0:01:02] White is slightly better.} 9. Qb3 {[%emt 0:07:49] Bxh3 is the strong threat.} Bxg2 10. Kxg2 {[%emt 0:00:09] [#]} c5 $146 ({Predecessor:} 10... Nbd7 11. e4 Nc5 12. Qc2 h5 13. h4 Ne6 14. Nbd2 Nf4+ 15. Kg1 Qh3 16. gxf4 Qg4+ {½-½ Bukal,V (2387)-Sahil,T (2131) Zadar op-A 2017 (3)}) 11. Nc3 (11. Ne5 e6 $11) 11... Nc6 12. Be3 e6 13. Ne4 $1 Nxe4 14. dxe4 b6 15. Qb5 $1 {[%emt 0:08:18] Black must now prevent Ne5.} a6 16. Qb3 (16. Qxb6 $2 Rb8 $19) 16... Rb8 17. Bf4 $1 $36 {[%emt 0:00:15][%mdl 2048] White is in control.} (17. Nxb6 Qd8 18. Rac1 Rxb6 $17) 17... Rb7 18. Rfd1 (18. Nxb6 $2 Qd8 19. Rfd1 Qxb6 $19) 18... Nd4 $2 {[%emt 0:00:16][%mdl 8192] [#]} (18... b5 $16 {keeps fighting.}) 19. Rxd4 $1 $18 cxd4 20. Rc1 Qd8 {[%emt 0:11:13] Wards off Nd6+} 21. Qa4+ Qd7 22. Qxa6 Ra7 23. Qxb6 {[%emt 0:00:08] aiming for Qb8+.} Rb7 {[%emt 0:00:30] Repels Qb8+} (23... Qb7 $142 24. Qxd4 f6) 24. Qa6 {[%emt 0:01:07] Hoping for Ne5.} Ra7 {[%emt 0:00:02] [#]} 25. Nd6+ $1 Bxd6 26. Rc8+ Ke7 27. Bxd6+ (27. Rxh8 $2 Rxa6 28. Bxd6+ Qxd6 $19) 27... Kf6 {[%emt 0:00:00] Black is weak on the dark squares} 28. e5+ (28. Rxh8 $2 {too greedy.} Rxa6 29. Ba3 d3 30. exd3 Qxd3 31. e5+ Kxe5 $19) 28... Kg5 29. h4+ (29. Rxh8 $2 {loses.} Rxa6 30. Rg8 Kg6 $19) (29. f4+ $142 Kh5 30. Qd3 Qxc8 31. h3 Qc6+ 32. Kf2) 29... Kh5 {[%emt 0:00:23] [#]} 30. Qd3 Rxc8 31. g4+ $4 (31. f3 $18 f6 32. exf6 Qxd6 33. Kh3 Qxg3+ 34. Kxg3 gxf6 35. Qxd4 Rg8+ 36. Kf2) 31... Kxg4 $19 {[%emt 0:05:44] Black is clearly winning.} ({Inferior is} 31... Kxh4 32. Qh3+ Kg5 33. Qh5+ Kf4 34. Qh2+ Kg5 35. Qh5+ Kf4 36. Qh2+ Kg5 37. Qh5+ $11) 32. Qe4+ Kh5 33. Qf3+ Kg6 34. Qd3+ f5 35. exf6+ Kf7 {[%emt 0:00:13] What a bad dream for White.   Weighted Error Value: White=0.58/Black=0.26 (precise)} 0-1

[Event "SixDays Budapest January-GM 2023"]
[Site "Budapest"]
[Date "2023.01.26"]
[Round "6.3"]
[White "Chen, Qi b"]
[Black "Lucas, Arthur"]
[Result "1/2-1/2"]
[ECO "B40"]
[WhiteElo "2484"]
[BlackElo "2412"]
[Annotator "TA"]
[PlyCount "33"]
[EventDate "2023.01.23"]
[EventType "tourn"]
[EventCountry "HUN"]
[SourceTitle "playchess.com"]
[Source "ChessBase"]
[SourceQuality "1"]
[TimeControl "5400+30"]

1. e4 c5 2. Nf3 e6 3. d4 cxd4 4. Nxd4 Nf6 5. Nc3 Nc6 6. a3 d6 7. g3 {[%emt 0:05:58] B45: Sicilian Four Knights.} Be7 8. Bg2 {[%emt 0:00:14] [#]} Nxd4 $146 ({Predecessor:} 8... O-O 9. O-O Bd7 10. Nxc6 Bxc6 11. a4 Qc7 12. Re1 Nd7 13. Nb5 Qb8 14. Nd4 Qc7 {0-1 Carlsen,M (2859)-Gukesh,D (2725) Speed Chess Chess.com INT blitz 2022 (1.22)}) 9. Qxd4 {[%emt 0:00:08] White has an edge.} O-O 10. O-O e5 11. Qd3 Be6 12. b3 Rc8 13. a4 Qc7 {[%emt 0:06:09] The position is equal.} 14. Bb2 Rfd8 15. Rac1 Qc5 16. Rcd1 a6 17. Rd2 {[%emt 0:01:51] A rather calm draw.   Weighted Error Value: White=0.03 (flawless) /Black=0.04 (flawless)} 1/2-1/2

[Event "SixDays Budapest January-GM 2023"]
[Site "Budapest"]
[Date "2023.01.26"]
[Round "6.4"]
[White "Nagy, Gabor"]
[Black "Kozak, Adam"]
[Result "1/2-1/2"]
[ECO "A13"]
[WhiteElo "2499"]
[BlackElo "2558"]
[Annotator "TA"]
[PlyCount "22"]
[EventDate "2023.01.23"]
[EventType "tourn"]
[EventCountry "HUN"]
[SourceTitle "playchess.com"]
[Source "ChessBase"]
[SourceQuality "1"]
[TimeControl "5400+30"]

1. c4 e6 2. Nc3 d5 3. d4 Bb4 4. cxd5 exd5 5. Bf4 Nf6 6. e3 {[%emt 0:00:16] D31: Queen's Gambit Declined: Semi-Slav without ...Nf6 (+ Marshall Gambit and Noteboom) and Exchange Variation lines without ...Nf6.} O-O 7. Bd3 Re8 8. Nge2 c6 {[%emt 0:05:40] The position is equal.} 9. O-O Nh5 {[%emt 0:09:48] [#]} 10. Qc2 $146 ({Predecessor:} 10. a3 Nxf4 11. Nxf4 Bd6 12. Qh5 g6 13. Qf3 Qf6 14. Nfe2 Qh4 15. g3 Bg4 16. Qxf7+ Kxf7 17. gxh4 {½-½ Dassanayake,D (1862)-Peiris,T (1985) SRI-chB Colombo 2016 (6)}) 10... g6 11. Bh6 Nd7 {Not much happened in this game.   Weighted Error Value: White=0.03 (flawless) /Black=0.02 (flawless)} 1/2-1/2

[Event "SixDays Budapest January-GM 2023"]
[Site "Budapest"]
[Date "2023.01.26"]
[Round "6.5"]
[White "Hacker, Jonas"]
[Black "Ghazarian, Kirk"]
[Result "1-0"]
[ECO "B30"]
[WhiteElo "2446"]
[BlackElo "2466"]
[Annotator "TA"]
[PlyCount "83"]
[EventDate "2023.01.23"]
[EventType "tourn"]
[EventCountry "HUN"]
[SourceTitle "playchess.com"]
[Source "ChessBase"]
[SourceQuality "1"]
[TimeControl "5400+30"]

1. e4 c5 2. Nf3 Nc6 3. Bb5 e6 4. O-O Nge7 5. d4 cxd4 6. Nxd4 Ng6 {[%emt 0:01:12] is currently scoring better than 6...Qb6. B30: Sicilian: 2...Nc6 3 Bb5, lines without ...g6.} 7. Be2 Qc7 8. c4 {[%emt 0:02:57] [#]} Nxd4 $146 {[%emt 0:00:12] White is slightly better.} ({Predecessor:} 8... a6 9. Nxc6 dxc6 10. f4 Bc5+ 11. Kh1 O-O 12. e5 f6 13. exf6 gxf6 14. Nd2 f5 {½-½ Kobalia,M (2614)-Lautier,J (2658) Razuvaev Memorial online blitz 2020 (5)}) 9. Qxd4 Bd6 10. h3 (10. g3 $14) 10... O-O 11. Be3 b6 12. Nc3 {[%emt 0:01:41] Nb5 would be deadly.} Bc5 13. Qd2 Bb7 14. Rad1 Bc6 15. Bxc5 bxc5 16. f4 f6 17. Qe3 d6 18. Bg4 (18. f5 exf5 19. exf5 Ne5 $11) 18... Qe7 19. Bh5 Nh8 20. e5 dxe5 21. fxe5 f5 22. Rd6 {[%emt 0:06:28] Repels Rfd8} Rac8 23. Rfd1 {[%emt 0:01:12] White is much more active.} (23. Qxc5 $2 Bxg2 24. Qe3 Bxf1 25. Kxf1 Rxc4 $19) (23. Ne2 $1 $16) 23... g6 24. Bf3 Bxf3 25. Qxf3 Rfd8 {[%emt 0:04:24] Prevents Rd7.} 26. Qe3 Nf7 27. Rxd8+ Rxd8 28. Rxd8+ Nxd8 $11 {[%emt 0:00:06][%mdl 4096] Endgame KQN-KQN} (28... Qxd8 $11 {is superior.} 29. b3 (29. Qxc5 Qd2 $11) 29... Qc7) 29. Na4 $14 Nb7 {[%emt 0:00:06] [#]} 30. b4 cxb4 $11 {[%emt 0:01:10] Strongly threatening ...Na5.} 31. Qxa7 Qd7 32. c5 Qd4+ 33. Kh2 Qxe5+ 34. Kh1 Qc7 35. Nb2 Qc6 (35... Qxc5 36. Qb8+ (36. Qxb7 Qc1+ 37. Kh2 Qxb2 $11) 36... Kg7 37. Qxb7+ Kh6 38. Nd3 $16) 36. Nd3 {[%emt 0:01:07][%mdl 1024] Hoping for Qb8+. White has compensation.} Qe4 $2 (36... Qd5 $11) 37. Qb8+ $18 Kg7 {[%emt 0:01:48] [#]} 38. Qc7+ ({Better is} 38. Ne5 $1 $16 Nxc5 39. Qc7+ Kf6 40. Nc6 (40. Qxc5 $2 Qe1+ 41. Kh2 Qxe5+ 42. Qxe5+ Kxe5 $19)) 38... Kf6 $2 (38... Kh6 $14) 39. c6 $1 (39. Qxh7 Qxd3 40. Qxb7 Qf1+ 41. Kh2 Qf4+ 42. Kh1 Qc1+ 43. Kh2 Qf4+ 44. Kg1 Qe3+ 45. Kh1 Qc1+ 46. Kh2 Qxc5 $19) 39... Na5 40. Qd8+ {[%emt 0:00:34] White mates.} ({Not} 40. Qxa5 Qxd3 41. Qxb4 Qe3 $11) 40... Kf7 41. c7 ({Worse is} 41. Qxa5 Qxd3 42. Qa7+ (42. Qxb4 Qe3 $11) 42... Kf6 $11) 41... Nb7 42. Qd7+ {[%emt 0:00:14][%mdl 64] Skewer.   Weighted Error Value: White=0.13 (very precise) /Black=0.26 (precise)} 1-0